BSA
VISTA PANTHERS @ SEATTLE PIKES
04/24/2026
 
TOP OF THE 1ST
Vista Panthers batting - Pitching for Seattle Pikes : LHP Albert Lebel
Pitching: LHP Albert Lebel
Batting: RHB Eugenio Lucero 0-0: Called Strike
0-1: Fly out, F7 (Line Drive, 7M)
Batting: RHB Roberto Cruz 0-0: Ground out 5-3 (Groundball, 56)
Batting: RHB Greg Handrahan 0-0: Ball
1-0: Swinging Strike
1-1: Foul Ball, location: 2F
1-2: Ball
2-2: Ball
3-2: Strikes out looking
Top of the 1st over - 0 run(s), 0 hit(s), 0 error(s), 0 left on base; Vista 0 - Seattle 0
BOTTOM OF THE 1ST
Seattle Pikes batting - Pitching for Vista Panthers : RHP Cris Rincón
Pitching: RHP Cris Rincón
Batting: LHB Sammy Marshall 0-0: Ball
1-0: Ball
2-0: Ball
3-0: Called Strike
3-1: Ground out 4-3 (Groundball, 4)
Batting: RHB Tae-kwon Kwon 0-0: DOUBLE (Flyball, 78D)
Batting: RHB Manuel Rico 0-0: Ground out 6-3 (Groundball, 6S)
Tae-kwon Kwon to third
Batting: RHB António Ortega 0-0: Ball
1-0: Ground out 6-3 (Groundball, 6M)
Bottom of the 1st over - 0 run(s), 1 hit(s), 0 error(s), 1 left on base; Vista 0 - Seattle 0
TOP OF THE 2ND
Vista Panthers batting - Pitching for Seattle Pikes : LHP Albert Lebel
Batting: RHB John Mendelson 0-0: Foul Ball, location: 2F
0-1: Ball
1-1: Swinging Strike
1-2: Ball
2-2: Strikes out swinging
Batting: RHB Javier Deleón 0-0: Foul Ball, location: 2F
0-1: Ball
1-1: Foul Ball, location: 2F
1-2: Ground out 4-3 (Groundball, 4M)
Batting: RHB Shizue Chouda 0-0: Ball
1-0: Swinging Strike
1-1: Ball
2-1: Ball
3-1: Foul Ball, location: 2F
3-2: Strikes out swinging
Top of the 2nd over - 0 run(s), 0 hit(s), 0 error(s), 0 left on base; Vista 0 - Seattle 0
BOTTOM OF THE 2ND
Seattle Pikes batting - Pitching for Vista Panthers : RHP Cris Rincón
Batting: RHB Alfredo Rivera 0-0: Ball
1-0: Called Strike
1-1: Foul Ball, location: 2F
1-2: SINGLE (Groundball, 56)
Batting: LHB Chad Weaver 0-0: Ball
1-0: Foul Ball, location: 2F
1-1: Called Strike
1-2: Ball
2-2: Foul Ball, location: 2F
2-2: Ball
3-2: SINGLE (Flyball, 78S)
Alfredo Rivera to second
Batting: SHB António Hernández 0-0: Called Strike
0-1: Ball
1-1: Called Strike
1-2: Ball
2-2: Foul Ball, location: 2F
2-2: Foul Ball, location: 2F
2-2: Strikes out swinging
Batting: RHB Iván Gonzáles 0-0: Foul Ball, location: 2F
0-1: SINGLE (Groundball, 6MD)
Alfredo Rivera to third
Chad Weaver to second
Runner from 3rd tries for Home, SAFE, no throw or cutoff
Batting: LHB Keith Tillman 0-0: Ball
Chad Weaver is caught stealing 3rd base
Iván Gonzáles to second
1-0: Ground out 4-3 (Groundball, 4)
Bottom of the 2nd over - 1 run(s), 3 hit(s), 0 error(s), 1 left on base; Vista 0 - Seattle 1
TOP OF THE 3RD
Vista Panthers batting - Pitching for Seattle Pikes : LHP Albert Lebel
Batting: RHB Salvador Salas 0-0: Ball
1-0: Called Strike
1-1: Ground out 4-3 (Groundball, 4)
Batting: RHB Wilson López 0-0: Foul Ball, location: 2F
0-1: Foul Ball, location: 2F
0-2: Foul Ball, location: 2F
0-2: Ball
1-2: Strikes out swinging
Batting: RHB Cisco Gatán 0-0: Foul Ball, location: 2F
0-1: Ball
1-1: Ball
2-1: Called Strike
2-2: DOUBLE (Line Drive, 5D)
Batting: RHB Eugenio Lucero 0-0: Ball
1-0: Foul Ball, location: 2F
1-1: Ball
2-1: Called Strike
2-2: Ground out 4-3 (Groundball, 4)
Top of the 3rd over - 0 run(s), 1 hit(s), 0 error(s), 1 left on base; Vista 0 - Seattle 1
BOTTOM OF THE 3RD
Seattle Pikes batting - Pitching for Vista Panthers : RHP Cris Rincón
Batting: LHB Sammy Marshall 0-0: Ball
1-0: Ball
2-0: Ball
3-0: Base on Balls
Batting: RHB Tae-kwon Kwon 0-0: Ball
1-0: Ball
2-0: Ball
3-0: Called Strike
3-1: Foul Ball, location: 2F
3-2: Grounds into double play, 6-4-3 (Groundball, 6)
Batting: RHB Manuel Rico 0-0: Ball
1-0: Ground out 4-3 (Groundball, 6M)
Bottom of the 3rd over - 0 run(s), 0 hit(s), 0 error(s), 0 left on base; Vista 0 - Seattle 1
TOP OF THE 4TH
Vista Panthers batting - Pitching for Seattle Pikes : LHP Albert Lebel
Batting: RHB Roberto Cruz 0-0: Called Strike
0-1: Foul Ball, location: 2F
0-2: Ball
1-2: Fly out, F6 (Popup, 56)
Batting: RHB Greg Handrahan 0-0: Ball
1-0: Ball
2-0: Called Strike
2-1: Called Strike
2-2: Strikes out looking
Batting: RHB John Mendelson 0-0: Swinging Strike
0-1: Called Strike
0-2: Ball
1-2: Ball
2-2: Foul Ball, location: 2F
2-2: Foul Ball, location: 2F
2-2: Foul Ball, location: 2F
2-2: Strikes out swinging
Top of the 4th over - 0 run(s), 0 hit(s), 0 error(s), 0 left on base; Vista 0 - Seattle 1
BOTTOM OF THE 4TH
Seattle Pikes batting - Pitching for Vista Panthers : RHP Cris Rincón
Batting: RHB António Ortega 0-0: Called Strike
0-1: Called Strike
0-2: Strikes out looking
Batting: RHB Alfredo Rivera 0-0: Swinging Strike
0-1: Fly out, F9 (Flyball, 9D)
Batting: LHB Chad Weaver 0-0: Foul Ball, location: 2F
0-1: Ball
1-1: Called Strike
1-2: Strikes out swinging
Bottom of the 4th over - 0 run(s), 0 hit(s), 0 error(s), 0 left on base; Vista 0 - Seattle 1
TOP OF THE 5TH
Vista Panthers batting - Pitching for Seattle Pikes : LHP Albert Lebel
Batting: RHB Javier Deleón 0-0: Ball
1-0: Called Strike
1-1: Ball
2-1: Swinging Strike
2-2: Foul Ball, location: 2F
2-2: Strikes out swinging
Batting: RHB Shizue Chouda 0-0: Ground out 3-1 (Groundball, 34)
Batting: RHB Salvador Salas 0-0: Ball
1-0: Swinging Strike
1-1: Ball
2-1: Called Strike
2-2: SINGLE (Groundball, 6D)
Batting: RHB Wilson López 0-0: DOUBLE (Line Drive, 7LD)
Salvador Salas to third
Batting: RHB Cisco Gatán 0-0: Called Strike
0-1: Ball
1-1: Foul Ball, location: 2F
1-2: Ball
2-2: Foul Ball, location: 2F
2-2: Foul Ball, location: 2F
2-2: Fly out, F8 (Flyball, 8LD)
Top of the 5th over - 0 run(s), 2 hit(s), 0 error(s), 2 left on base; Vista 0 - Seattle 1
BOTTOM OF THE 5TH
Seattle Pikes batting - Pitching for Vista Panthers : RHP Cris Rincón
Batting: SHB António Hernández 0-0: Ball
1-0: Called Strike
1-1: Foul Ball, location: 2F
1-2: Strikes out swinging
Batting: RHB Iván Gonzáles 0-0: Ball
1-0: Called Strike
1-1: Swinging Strike
1-2: Foul Ball, location: 2F
1-2: Foul Ball, location: 2F
1-2: Foul Ball, location: 2F
1-2: Strikes out swinging
Batting: LHB Keith Tillman 0-0: Ball
1-0: Ball
2-0: Called Strike
2-1: Ball
3-1: Foul Ball, location: 2F
3-2: SINGLE (Line Drive, 89S)
Batting: LHB Sammy Marshall 0-0: Ball
1-0: Swinging Strike
1-1: Fielders Choice at 2nd, U4 (Groundball, 4M)
Bottom of the 5th over - 0 run(s), 1 hit(s), 0 error(s), 1 left on base; Vista 0 - Seattle 1
TOP OF THE 6TH
Vista Panthers batting - Pitching for Seattle Pikes : LHP Albert Lebel
Batting: RHB Eugenio Lucero 0-0: Foul Ball, location: 2F
0-1: Ball
1-1: Ground out 6-3 (Groundball, 6M)
Batting: RHB Roberto Cruz 0-0: Ball
1-0: Foul Ball, location: 2F
1-1: Ball
2-1: Foul Ball, location: 2F
2-2: Ground out 6-3 (Groundball, 6)
Batting: RHB Greg Handrahan 0-0: Called Strike
0-1: Ball
1-1: Called Strike
1-2: Foul Ball, location: 2F
1-2: Strikes out swinging
Top of the 6th over - 0 run(s), 0 hit(s), 0 error(s), 0 left on base; Vista 0 - Seattle 1
BOTTOM OF THE 6TH
Seattle Pikes batting - Pitching for Vista Panthers : RHP Cris Rincón
Batting: RHB Tae-kwon Kwon 0-0: Swinging Strike
0-1: Foul Ball, location: 2F
0-2: Ground out 5-3 (Groundball, 56)
Batting: RHB Manuel Rico 0-0: Called Strike
0-1: Foul Ball, location: 2F
0-2: Strikes out looking
Batting: RHB António Ortega 0-0: Ball
1-0: Ball
2-0: Swinging Strike
2-1: Swinging Strike
2-2: Foul Ball, location: 2F
2-2: Foul Ball, location: 2F
2-2: Foul Ball, location: 2F
2-2: Ball
3-2: Strikes out swinging
Bottom of the 6th over - 0 run(s), 0 hit(s), 0 error(s), 0 left on base; Vista 0 - Seattle 1
TOP OF THE 7TH
Vista Panthers batting - Pitching for Seattle Pikes : LHP Albert Lebel
Batting: RHB John Mendelson 0-0: Fly out, F6 (Popup, 6MD)
Batting: RHB Javier Deleón 0-0: Called Strike
0-1: Called Strike
0-2: Ground out 1-3 (Groundball, 23)
Batting: RHB Shizue Chouda 0-0: Ball
1-0: Ball
2-0: Foul Ball, location: 2F
2-1: Ball
3-1: Foul Ball, location: 2F
3-2: Fly out, F4 (Popup, 4M)
Top of the 7th over - 0 run(s), 0 hit(s), 0 error(s), 0 left on base; Vista 0 - Seattle 1
BOTTOM OF THE 7TH
Seattle Pikes batting - Pitching for Vista Panthers : RHP Cris Rincón
Batting: RHB Alfredo Rivera 0-0: Called Strike
0-1: Fly out, F7 (Flyball, 78D)
Batting: LHB Chad Weaver 0-0: Ball
1-0: Ball
2-0: Ball
3-0: Base on Balls
Batting: SHB António Hernández 0-0: Ball
1-0: Called Strike
Chad Weaver is caught stealing 2nd base
1-1: SINGLE (Groundball, 4MD)
Batting: RHB Iván Gonzáles 0-0: Ball
1-0: Ball
2-0: Ball
3-0: Foul Ball, location: 2F
3-1: Ground out 4-3 (Groundball, 4)
Bottom of the 7th over - 0 run(s), 1 hit(s), 0 error(s), 1 left on base; Vista 0 - Seattle 1
TOP OF THE 8TH
Vista Panthers batting - Pitching for Seattle Pikes : LHP Albert Lebel
Pitching: RHP José Salinas
Now at 1B: Eduardo Gómez
Now at 2B: Jesús Gonzáles
Batting: RHB Salvador Salas 0-0: Called Strike
0-1: Ball
1-1: DOUBLE (Line Drive, 5)
Pitching: LHP Cristián Escobar
Batting: RHB Wilson López 0-0: Called Strike
0-1: SINGLE (Line Drive, 9LS)
Salvador Salas to third
Pitching: RHP Ernesto Beltrán
Batting: RHB Cisco Gatán 0-0: Foul Ball, location: 2F
0-1: Foul Ball, location: 2F
0-2: Ball
1-2: Ball
2-2: Foul Ball, location: 2F
2-2: Ball
3-2: Strikes out swinging
Pitching: RHP Orlando Ojeda
Pinch Hitting: SHB Mark Wells 0-0: Ball
1-0: Fly out, F7 (Line Drive, 78M)
Batting: RHB Roberto Cruz 0-0: Ball
1-0: Called Strike
1-1: Ball
2-1: Called Strike
2-2: Strikes out looking
Top of the 8th over - 0 run(s), 2 hit(s), 0 error(s), 2 left on base; Vista 0 - Seattle 1
BOTTOM OF THE 8TH
Seattle Pikes batting - Pitching for Vista Panthers : RHP Cris Rincón
Now at 2B: Iván De Jesús
Batting: LHB Keith Tillman 0-0: Ground out 4-3 (Groundball, 4)
Batting: LHB Sammy Marshall 0-0: Ball
1-0: Called Strike
1-1: TRIPLE (Line Drive, 8RXD)
Batting: RHB Tae-kwon Kwon 0-0: Ball
1-0: Fly out, F7 (Flyball, 7D)
Runner from 3rd tags up, SCORES, no throw
Batting: RHB Manuel Rico 0-0: SINGLE (Line Drive, 7S)
Batting: RHB António Ortega 0-0: Ball
1-0: Ball
2-0: Called Strike
2-1: Foul Ball, location: 2F
2-2: Ball
Manuel Rico steals 2nd base
3-2: Foul Ball, location: 2F
3-2: Foul Ball, location: 2F
3-2: Ground out 5-3 (Groundball, 5)
Bottom of the 8th over - 1 run(s), 2 hit(s), 0 error(s), 1 left on base; Vista 0 - Seattle 2
TOP OF THE 9TH
Vista Panthers batting - Pitching for Seattle Pikes : RHP Orlando Ojeda
Pitching: LHP António Alvarado
Batting: RHB Greg Handrahan 0-0: Called Strike
0-1: Ball
1-1: Called Strike
1-2: Strikes out looking
Batting: RHB John Mendelson 0-0: Foul Ball, location: 2F
0-1: Ball
1-1: Ball
2-1: Ball
3-1: Called Strike
3-2: TRIPLE (Line Drive, 89S)
Batting: RHB Javier Deleón 0-0: Ball
1-0: Ball
2-0: Called Strike
2-1: Ball
3-1: Foul Ball, location: 2F
3-2: Strikes out swinging
Batting: RHB Shizue Chouda 0-0: Foul Ball, location: 2F
0-1: Ball
1-1: Ball
Reached via error on a dropped throw, E3
John Mendelson scores
Batting: RHB Salvador Salas 0-0: Called Strike
0-1: SINGLE (Line Drive, 56D)
Shizue Chouda to second
Batting: RHB Wilson López 0-0: Ground out 6-3 (Groundball, 6)
Top of the 9th over - 1 run(s), 2 hit(s), 1 error(s), 2 left on base; Vista 1 - Seattle 2
Monday, December 5th, 2016 - OOTP Baseball 17.12 Build 75